 Dungeon Crawl Stone Soup version 0.28.0-62-gf88900778d (webtiles) character file.

Game seed: 3965647385935496293

201157 cbfl8 the Warrior (level 17, -6/170 HPs)
             Began as a Minotaur Berserker on Apr 18, 2023.
             Was the Champion of Trog.
             Killed from afar by a shock serpent (14 damage)
             ... with a bolt of electricity
             ... on level 4 of the Snake Pit on Apr 19, 2023.
             The game lasted 00:58:53 (37587 turns).

cbfl8 the Warrior (Minotaur Berserker)             Turns: 37587, Time: 00:58:54

Health: -6/170     AC: 24    Str: 25    XL:     17   Next: 90%
Magic:  5/5        EV: 15    Int:  4    God:    Trog [******]
Gold:   3166       SH: 21    Dex: 21    Spells: 16/16 levels left

rFire   + . .      SeeInvis .   n - +2 broad axe (antimagic)
rCold   + + .      Faith    .   M - +0 tower shield {rC+}
rNeg    . . .      Spirit   .   T - +6 scale mail of the Saviour {rF+ Will++ Str+2}
rPois   +          Reflect  .   e - +2 hood of the Assassin {Detection Stab+ Stlth++}
rElec   .          Harm     .   G - +1 cloak
rCorr   .          Rampage  .   f - +0 pair of gloves
Will    +++..                   I - +0 pair of boots
Stlth   +++++.....              k - amulet of regeneration
HPRegen 1.18/turn               P - +6 ring of dexterity
MPRegen 0.09/turn               D - ring "Coma Toe" {rPois rC+ Dex-2 Stlth+}

@: on berserk cooldown, slowed, studying Long Blades, very slow
A: horns 2, retaliatory headbutt
}: 1/15 runes: decaying
a: Renounce Religion, Berserk, Trog's Hand, Brothers in Arms


You were on level 4 of the Snake Pit.
You worshipped Trog.
Trog was exalted by your worship.
You visited 5 branches of the dungeon, and saw 31 of its levels.
You also visited: Ossuary and Ice Cave.

You collected 3589 gold pieces.
You spent 423 gold pieces at shops.

Inventory:

Hand Weapons
 n - a +2 antimagic broad axe (weapon)
 A - a +3 broad axe of flaming
Missiles
 o - 2 throwing nets
Armour
 e - the +2 hood of the Assassin (worn) {Detection Stab+ Stlth++}
   (You acquired it on level 3 of the Swamp)

   It allows the wearer to sense nearby creatures.
   It allows the wearer to make particularly effective stabbing attacks against
   helpless or unaware enemies with any weapon.
   Stlth:     It makes you much more stealthy.
 f - a +0 pair of gloves (worn)
 G - a +1 cloak (worn)
 I - a +0 pair of boots (worn)
 M - a +0 tower shield of cold resistance (worn)
 T - the +6 scale mail of the Saviour (worn) {rF+ Will++ Str+2}
   (You found it on level 3 of the Lair of Beasts)

   Str:       It affects your strength (+2).
   rF:        It protects you from fire.
   Will:      It greatly increases your willpower.
Jewellery
 k - an amulet of regeneration (around neck)
 D - the ring "Coma Toe" (right hand) {rPois rC+ Dex-2 Stlth+}
   (You bought it in a shop on level 2 of the Snake Pit)

   [ring of poison resistance]

   Dex:       It affects your dexterity (-2).
   rC:        It protects you from cold.
   rPois:     It protects you from poison.
   Stlth:     It makes you more stealthy.
 P - a +6 ring of dexterity (left hand)
Wands
 p - a wand of acid (9)
 v - a wand of iceblast (11)
 H - a wand of flame (43)
 N - a wand of digging (28) (quivered)
 R - a wand of charming (13)
Scrolls
 b - 10 scrolls of fog
 i - 13 scrolls of teleportation
 l - 7 scrolls of immolation
 q - 2 scrolls of fear
 r - 7 scrolls of noise
 s - 3 scrolls of silence
 y - 6 scrolls of magic mapping
 C - 3 scrolls of holy word
 E - a scroll of summoning
 Q - 3 scrolls of brand weapon
Potions
 a - 9 potions of flight
 c - 4 potions of mutation
 d - 3 potions of attraction
 g - 9 potions of curing
 h - 4 potions of cancellation
 j - 4 potions of haste
 m - 2 potions of might {unknown}
 w - 2 potions of ambrosia
 B - a potion of magic {unknown}
 F - 5 potions of lignification
 O - a potion of resistance {unknown}
 S - a potion of invisibility {unknown}
Miscellaneous
 t - a condenser vane
 u - a phial of floods
 x - a condenser vane
 U - a phial of floods
 V - a phial of floods
 W - a phantom mirror
 Z - a box of beasts


   Skills:
 * Level 19.9 Fighting
 + Level 19.3 Axes
 + Level 15.3 Armour
 * Level 9.6 Dodging
 * Level 6.2 Stealth
 * Level 16.5 Shields
 * Level 9.9 Evocations


You had 16 spell levels left.
You didn't know any spells.
Your spell library was empty.

Dungeon Overview and Level Annotations

Branches:
Dungeon (15/15)            Temple (0/1) D:6            Lair (6/6) D:11
  Swamp (4/4) Lair:3        Snake (4/4) Lair:4        Slime (0/5) Lair:6
    Orc (2/2) D:10            Elf (0/3) Orc:2        Vaults (0/5) D:14
 Depths (0/4) D:15        Ossuary (visited)           IceCv (visited)

Altars:
Cheibriados
Dithmenos
Fedhas
Nemelex Xobeh
Okawaru
Uskayaw
Vehumet
Yredelemnul
Beogh

Shops:
D:1 (   D:5 *   D:8 *   D:10 *   D:12 *   Orc:2 (:!:   Snake:2 =   Snake:3 [:

Annotations:
D:15 3 runed translucent doors, Yakesh's ghost, journeyman MiFi
Snake:4 Kirke


Innate Abilities, Weirdness & Mutations

You have a pair of horns on your head.
You reflexively headbutt those who attack you in melee.


Message History

You resist.
You feel your anger nearly subside.
You are no longer berserk.
You are exhausted.
You feel yourself slow down.
As you read the scroll of fear, it crumbles to dust.
You assume a fearsome visage.
The hog looks frightened!
The naga resists with some effort.
The naga warrior resists with almost no effort.
The guardian serpent looks frightened!
The shock serpent looks frightened!
The naga no longer looks unusually strong.
You block the naga warrior's attack.
An anaconda comes into view.
A mana viper comes into view.
The naga warrior roars a battlecry!
The naga goes into a battle-frenzy!
The naga warrior spits poison at you.
The splash of poison hits you but does no damage.
You are poisoned.
You resist.
You feel very sick.
You feel sick. You block the mana viper's attack.
The naga warrior hits you from afar with a +0 glaive!!
* * * LOW HITPOINT WARNING * * *
The shock serpent shoots out a bolt of lightning at you!
The bolt of electricity misses you. The mana viper closely misses you.
A hog comes into view.
Kirke casts a spell.
Kirke summons a lindwurm!
There is a stone staircase leading up, spattered with blood here.
You feel better.
The sentinel's mark upon you fades away.
You block the naga warrior's attack. You block the shock serpent's attack.
A hog comes into view.
The mana viper barely misses you. The anaconda barely misses you.
You furiously retaliate!
You headbutt the anaconda. You block the anaconda's attack.
The naga warrior hits you from afar with a +0 glaive.
* * * LOW HITPOINT WARNING * * *
The shock serpent shoots out a bolt of lightning at you!
The bolt of electricity hits you!
You die...

........)...#)##......#
#...#
.#........###.##........
.....
#........###)######....
#........#.....# ...
#........#.....#
#........#.....#### ..
... #........# .......
###......# .....#.#
#.S@...#
...#.#.####NSS[..#
..........N..[[).#
..........N......#
.......S.h.........#
.....!....k#.......#
..#.#)†.h.#.......# . #
#))h.@#####...#
#.†.....# ...#


You could see Kirke, a naga warrior (fast), a salamander (strong), an anaconda,
2 shock serpents, a lindwurm (summoned), a mana viper, 3 hogs and a naga
(strong).

Vanquished Creatures
  Gastronok (D:9)
  7 thorn hunters
  2 fenstrider witches (Swamp:2)
  Roxanne (Swamp:4)
  A frost giant (IceCv)
  An orc warlord (Orc:2)
  A stone giant (D:15)
  5 eleionomae
  5 bunyips
  Snorg (D:14)
  3 shambling mangroves
  Josephine (Lair:6)
  22 hydras
  4 naga warriors
  An ogre mage (D:15)
  6 centaur warriors
  Erica (D:10)
  4 boulder beetles
  A ghost crab (Swamp:2)
  5 catoblepae
  A spriggan air mage (Swamp:2)
  A death knight (D:13)
  2 anacondas
  12 two-headed ogres
  2 dancing weapons (D:14)
  7 alligators
  3 orc high priests (Orc:2)
  A shock serpent (shapeshifter) (D:15)
  7 death yaks
  6 tengu warriors
  A spriggan berserker (Swamp:4)
  3 shock serpents (Snake:3)
  11 spriggans
  3 salamander mystics
  A death drake (Swamp:3)
  5 skeletal warriors (D:15)
  11 bog bodies
  A naga ritualist (Snake:3)
  7 goliath frogs
  5 spriggan druids
  3 sea snakes (Snake:3)
  A lindwurm (shapeshifter) (D:13)
  6 swamp dragons
  2 wizards (D:14)
  3 deep elf pyromancers
  5 mana vipers
  4 orc knights (Orc:2)
  2 oklob plants (Swamp:2)
  20 ugly things
  3 manticores
  3 will-o-the-wisps
  6 orc sorcerers (Orc:2)
  4 cyclopes
  9 salamanders
  4 elephants (Lair:6)
  3 guardian serpents
  17 black mambas
  An ice statue (IceCv)
  12 naga magi
  2 gargoyles
  11 cane toads
  2 cane toads (shapeshifter) (D:15)
  An unseen horror (D:13)
  2 freezing wraiths (D:13)
  An efreet (D:15)
  8 komodo dragons
  6 rime drakes
  A tengu conjurer (D:13)
  3 meliai (D:15)
  7 polar bears
  8 trolls
  A bloated husk (Swamp:3)
  8 tyrant leeches
  3 blink frogs (Lair:1)
  A wolf spider simulacrum (D:10)
  17 hornets
  16 slime creatures
  76 yaks
  Eustachio (D:6)
  15 wyverns
  2 shadows
  A hog (Snake:4)
  5 basilisks (Lair:4)
  9 wraiths
  12 vampire mosquitoes
  A golden eye (shapeshifter) (D:14)
  6 wargs
  32 nagas
  2 acid dragons
  16 swamp worms
  13 water moccasins
  30 orc warriors
  11 swamp drakes
  A necrophage (D:6)
  A hornet zombie (D:8)
  8 ogres
  3 boggarts (D:14)
  38 wolves
  20 centaurs
  A phantom (D:5)
  An elf zombie (Ossuary)
  11 bullfrogs
  3 kobold brigands
  A two-headed ogre simulacrum (D:11)
  4 scorpions
  A wyvern zombie (D:8)
  A water moccasin zombie (D:7)
  A wyvern skeleton (D:5)
  3 killer bees (D:10)
  8 wights
  4 howler monkeys
  2 electric eels (Snake:3)
  5 centaur zombies
  2 jellies
  Crazy Yiuf (D:2)
  A human zombie (Ossuary)
  21 orc priests
  3 hounds
  An iron imp (D:8)
  A bullfrog skeleton (D:5)
  A centaur skeleton (D:5)
  Terence (D:2)
  2 iguanas
  31 orc wizards
  12 hell rats
  2 spriggan simulacra (D:11)
  A troll simulacrum (D:11)
  A hound zombie (Ossuary)
  4 mummies (Ossuary)
  A howler monkey zombie (D:9)
  Robin (D:2)
  4 gnolls
  10 adders
  An ufetubus (D:3)
  A worm (D:4)
  2 dart slugs (D:3)
  89 orcs
  4 endoplasms
  4 giant cockroaches
  2 gnoll zombies (Ossuary)
  14 goblins
  6 hobgoblins
  3 jackals
  4 quokkas
  6 ball pythons
  3 bats
  3 frilled lizards
  A goblin zombie (Ossuary)
  2 hobgoblin zombies (Ossuary)
  22 kobolds
  3 orc zombies (Ossuary)
  6 rats
  A rat zombie (Ossuary)
  2 briar patches
998 creatures vanquished.

Vanquished Creatures (others)
  A hydra (Swamp:4)
  A bog body (Swamp:4)
  2 bloated husks
  A polar bear (IceCv)
  2 swamp drakes (Swamp:4)
  3 briar patches (Swamp:2)
  10 foxfires (Swamp:2)
  23 fungi
  41 plants
84 creatures vanquished.

Grand Total: 1082 creatures vanquished

Notes
Turn   | Place    | Note
-------+----------+-------------------------------------------
     0 | D:1      | cbfl8 the Minotaur Berserker began the quest for the Orb.
     0 | D:1      | Reached XP level 1. HP: 19/19 MP: 0/0
   702 | D:1      | Reached XP level 2. HP: 26/27 MP: 1/1
   889 | D:1      | Found Coown's Weapon Shoppe.
  1047 | D:2      | Noticed Terence
  1056 | D:2      | Killed Terence
  1057 | D:2      | Reached XP level 3. HP: 22/33 MP: 2/2
  1190 | D:2      | Found a runed translucent door.
  1191 | D:2      | Noticed Crazy Yiuf
  1362 | D:2      | Noticed Robin
  1367 | D:2      | Reached ** piety under Trog
  1371 | D:2      | Killed Robin
  1372 | D:2      | Reached XP level 4. HP: 41/41 MP: 3/3
  1553 | D:2      | Noticed a scorpion
  1558 | D:2      | Killed a scorpion
  1559 | D:2      | Reached skill level 5 in Axes
  1559 | D:2      | Reached XP level 5. HP: 40/47 MP: 4/4
  1868 | D:2      | Killed Crazy Yiuf
  1869 | D:2      | Reached skill level 1 in Stealth
  2419 | D:3      | Found a faded altar of an unknown god.
  2797 | D:3      | Reached XP level 6. HP: 55/55 MP: 5/5
  3171 | D:4      | Reached skill level 5 in Fighting
  3174 | D:4      | Found a sparkling altar of Nemelex Xobeh.
  3447 | D:4      | Reached *** piety under Trog
  3805 | D:5      | Entered Level 5 of the Dungeon
  3818 | D:5      | Noticed a water moccasin
  3829 | D:4      | Killed a water moccasin
  3830 | D:4      | Reached skill level 5 in Armour
  3830 | D:4      | Reached XP level 7. HP: 61/61 MP: 6/6
  4187 | D:5      | Reached XP level 8. HP: 24/71 MP: 7/7
  4372 | D:5      | Found Cecsearergh's Neck Hole.
  4884 | D:6      | Found a staircase to the Ecumenical Temple.
  5083 | D:6      | Found a radiant altar of Vehumet.
  5305 | D:6      | Noticed Eustachio
  5322 | D:6      | Killed Eustachio
  5866 | D:7      | Reached XP level 9. HP: 73/79 MP: 8/8
  5902 | D:7      | Noticed a deep elf pyromancer
  5908 | D:7      | Found a blossoming altar of Fedhas.
  5918 | D:7      | Killed a deep elf pyromancer
  5919 | D:7      | Reached skill level 10 in Axes
  6376 | D:7      | Reached **** piety under Trog
  6601 | D:8      | Found a sand-covered staircase.
  6610 | Ossuary  | Entered an ossuary
  7174 | D:8      | Noticed a two-headed ogre
  7181 | D:8      | Reached XP level 10. HP: 89/89 MP: 9/9
  7185 | D:8      | Killed a two-headed ogre
  7269 | D:8      | Found a hide-covered altar of Uskayaw.
  7329 | D:8      | Found a snail-covered altar of Cheibriados.
  7404 | D:8      | Found Nov Qeow's Assorted Antiques.
  7739 | D:9      | Noticed a two-headed ogre
  7745 | D:9      | Killed a two-headed ogre
  7746 | D:9      | Reached skill level 10 in Armour
  7747 | D:9      | Reached ***** piety under Trog
  8066 | D:9      | Noticed a two-headed ogre
  8076 | D:9      | Killed a two-headed ogre
  8079 | D:9      | Noticed Gastronok
  8106 | D:9      | Reached skill level 5 in Dodging
  8185 | D:9      | Noticed a two-headed ogre
  8194 | D:9      | Killed a two-headed ogre
  8266 | D:9      | Killed Gastronok
  8267 | D:9      | Reached skill level 10 in Fighting
  8267 | D:9      | Reached XP level 11. HP: 99/99 MP: 10/10
  8857 | D:10     | Entered Level 10 of the Dungeon
  8894 | D:10     | Noticed Erica
  8905 | D:10     | Killed Erica
  8991 | D:10     | Found a shadowy altar of Dithmenos.
  9094 | D:10     | Noticed a tengu warrior
  9098 | D:10     | Noticed a two-headed ogre
  9107 | D:10     | Killed a tengu warrior
  9113 | D:10     | Killed a two-headed ogre
  9316 | D:10     | Found Doipyis's General Store.
  9758 | D:10     | Found a staircase to the Orcish Mines.
  9908 | D:11     | Found a frozen archway.
  9979 | IceCv    | Entered an ice cave
  9996 | IceCv    | Reached skill level 15 in Axes
 10168 | IceCv    | Noticed a white ugly thing
 10187 | IceCv    | Killed a white ugly thing
 10414 | IceCv    | Reached skill level 1 in Shields
 10468 | IceCv    | Noticed a frost giant
 10473 | IceCv    | Reached skill level 1 in Evocations
 10483 | IceCv    | Reached XP level 12. HP: 112/112 MP: 11/11
 10753 | IceCv    | Killed a frost giant
 10842 | IceCv    | Noticed a death yak
 10866 | IceCv    | Killed a death yak
 11362 | D:11     | Found a staircase to the Lair.
 11421 | D:11     | Identified the +3 chain mail of Paranoia {rC+ rN+ Will+
                  | Str+4}
 11543 | D:11     | Found an iron altar of Okawaru.
 11543 | D:11     | Noticed a two-headed ogre
 11551 | D:11     | Killed a two-headed ogre
 11658 | D:11     | Reached skill level 5 in Shields
 12108 | D:12     | Noticed a two-headed ogre
 12116 | D:12     | Killed a two-headed ogre
 12557 | D:12     | Noticed a boulder beetle
 12589 | D:12     | Killed a boulder beetle
 12892 | D:12     | Found Dentof's Assorted Antiques.
 13495 | D:13     | Received a gift from Trog
 13516 | D:13     | Noticed a centaur warrior
 13535 | D:13     | Reached XP level 13. HP: 110/122 MP: 12/12
 14734 | D:13     | Reached skill level 5 in Evocations
 15694 | D:14     | Noticed Snorg
 15705 | D:14     | Killed Snorg
 16074 | D:14     | Received a gift from Trog
 16141 | D:14     | Reached XP level 14. HP: 133/133 MP: 4/13
 16184 | D:14     | Found a gate to the Vaults.
 16238 | D:14     | Reached skill level 15 in Fighting
 17292 | D:15     | Entered Level 15 of the Dungeon
 17843 | D:15     | Noticed Yakesh's ghost (journeyman MiFi)
 17856 | D:15     | Found a runed translucent gate.
 17856 | D:15     | Found a runed translucent gate.
 17856 | D:15     | Found a runed translucent gate.
 18040 | D:15     | Identified the +2 rapier "Ganifag" {protect, rElec rCorr
                  | Int-5}
 18700 | D:15     | Reached skill level 10 in Shields
 18727 | D:15     | Found a staircase to the Depths.
 18727 | D:15     | Noticed a stone giant
 18734 | D:15     | Killed a stone giant
 18999 | Lair:1   | Entered Level 1 of the Lair of Beasts
 19234 | Lair:1   | Received a gift from Trog
 19859 | Lair:1   | Identified a scroll of acquirement
 20492 | Lair:3   | You fall into a shaft and drop 3 floors!
 20492 | Lair:6   | Entered Level 6 of the Lair of Beasts
 20592 | Lair:6   | Reached XP level 15. HP: 82/141 MP: 4/14
 20636 | Lair:6   | Noticed Josephine
 20650 | Lair:6   | Killed Josephine
 20710 | Lair:6   | Found a staircase to the Slime Pits.
 20787 | Lair:6   | Received a gift from Trog
 22895 | Lair:4   | Found a shadowy altar of Dithmenos.
 22994 | Lair:4   | Found a staircase to the Snake Pit.
 23010 | Lair:4   | Received a gift from Trog
 23750 | Orc:1    | Entered Level 1 of the Orcish Mines
 24246 | Orc:2    | Entered Level 2 of the Orcish Mines
 24358 | Orc:2    | Noticed an orc warlord
 24380 | Orc:2    | Killed an orc warlord
 24380 | Orc:2    | Received a gift from Trog
 24495 | Orc:2    | Found a staircase to the Elven Halls.
 24812 | Orc:2    | Found Iczoxar's Book Shop.
 24845 | Orc:2    | Found Yddoaneo's Book Shoppe.
 25239 | Orc:2    | Found Nyudwu's Distillery.
 25254 | Orc:2    | Found Munoask's Weapon Shoppe.
 25890 | Snake:1  | Entered Level 1 of the Snake Pit
 26385 | Snake:1  | Reached XP level 16. HP: 138/157 MP: 5/15
 27654 | Snake:2  | Found Tofaxa's Jewellery Emporium.
 27662 | Snake:2  | Bought the ring "Coma Toe" {rPois rC+ Dex-2 Stlth+} for 423
                  | gold pieces
 28921 | Snake:3  | Received a gift from Trog
 28969 | Snake:3  | Found Cukinid's Book Shop.
 28969 | Snake:3  | Found Yseqikh's Armour Boutique.
 29239 | Snake:3  | Reached skill level 15 in Armour
 30261 | Snake:4  | Entered Level 4 of the Snake Pit
 30899 | Lair:3   | Found a staircase to the Swamp.
 30942 | Lair:3   | Identified the +6 scale mail of the Saviour {rF+ Will++
                  | Str+2}
 31259 | Swamp:1  | Entered Level 1 of the Swamp
 32107 | Swamp:2  | Noticed a thorn hunter
 32119 | Swamp:2  | Killed a thorn hunter
 32548 | Swamp:2  | Found a basalt altar of Yredelemnul.
 32600 | Swamp:2  | Noticed a thorn hunter
 32676 | Swamp:2  | Reached ****** piety under Trog
 32735 | Swamp:2  | Noticed a thorn hunter
 32759 | Swamp:2  | Killed a thorn hunter
 32760 | Swamp:2  | Killed a thorn hunter
 32807 | Swamp:2  | Reached skill level 5 in Stealth
 32820 | Swamp:2  | Reached XP level 17. HP: 132/168 MP: 16/16
 32826 | Swamp:2  | Paralysed by a hornet for 1 turns
 33386 | Swamp:2  | Received a gift from Trog
 33703 | Swamp:3  | Reached skill level 15 in Shields
 34849 | Swamp:3  | Acquired the +2 hood of the Assassin {Detection Stab+
                  | Stlth++}
 34849 | Swamp:3  | Found the +2 hood of the Assassin {Detection Stab+ Stlth++}
 34886 | Swamp:4  | Entered Level 4 of the Swamp
 34889 | Swamp:4  | Noticed Roxanne
 36038 | Swamp:4  | Received a gift from Trog
 36315 | Swamp:4  | Killed Roxanne
 37156 | Swamp:4  | Got a decaying rune of Zot
 37579 | Snake:4  | Noticed Kirke
 37586 | Snake:4  | HP: 8/170 [naga warrior/+0 glaive (28)]
 37587 | Snake:4  | Killed from afar by a shock serpent

Illustrated notes

Levels and vault maps discovered:
D:1:      dpeg_arrival_connections, layout_loops_ring, serial_shops, shop,
          kennysheep_small_spiral
D:2:      layout_loops_cross, st_stairs_2, uniq_crazy_yiuf_cottage,
          uniq_terence, uniq_robin
D:3:      minmay_bubble_buster, layout_loops_ring,
          nicolae_ecumenical_lake_church, minmay_randomly_rotated_circles
D:4:      layout_rooms, amcnicky_altar_gilded
D:5:      layout_loops_ring, nicolae_shop_sticking_my_neck_out
D:6:      layout_basic, mainiacjoe_overflow_alcove_4, minmay_temple_entry_glass,
          minivault_25, hangedman_abyss_or_decor_stagger, uniq_eustachio
D:7:      layout_gridville, fedhas_bush_and_centaur_altar
D:8:      layout_cave_pools, slow_altar_1, eat_drink_and_be_merry_uskayaw,
          chequers_ossuary_entry_cave, nicolae_inconvenience_store
D:9:      layout_loops_ring, uniq_gastronok
D:10:     layout_rooms, grunt_dithmenos_smoke, david_orc_4, serial_shops, shop,
          minmay_chambers_of_fives, uniq_erica
D:11:     layout_roguey, erik_lair_orcish_takeover,
          portal_ice_cave_entry_ice_simulacra, okawaru_ov_weapons_minmay
D:12:     layout_loops_corners, drop_trap, kennysheep_windowed_goal
D:13:     layout_layer_cave
D:14:     layout_layer_cave, erik_vaults_1, grunt_decor_clamped, uniq_snorg
D:15:     grunt_enter_depths_snipers, layout_loops_ring,
          maelrawn_ghost_gauntlet_escape, hangedman_decor_riveting
Lair:1:   layout_roguey, serial_forest, infiniplex_forest_lined_3_way,
          infiniplex_forest_straight_4, infiniplex_forest_straight_3,
          infiniplex_forest_lined_2, infiniplex_forest_straight_3,
          infiniplex_forest_lined_3, infiniplex_forest_diagonal,
          infiniplex_forest_lined_room_2, fungi_pond_lemuel, beast_lair_carwin_6
Lair:2:   layout_loops_ring, grunt_megastairs_5
Lair:3:   layout_chaotic_city, skrybe_swamp_entry_bodies,
          amcnicky_mini_pool_medium
Lair:4:   layout_long_grid, dummy_snake_entry, basic_altar, special_room
          [special_room_mythical_zoo]
Lair:5:   layout_cave_pods, lemuel_fruit_tree
Lair:6:   evilmike_catoblepas_cave, layout_gridlike, minmay_slime_entry_pillars,
          uniq_josephine
Swamp:1:  layout_falls_marsh, evilmike_swamp_ruin_house_5
Swamp:2:  nicolae_swamp_phyte_club, layout_basic_swamp,
          evilmike_swamp_ruin_house_1, swamp_pool2, grunt_ruined_hall,
          infiniplex_staircase_pool
Swamp:3:  layout_falls_marsh, nicolae_swamp_ascending_descending_big
Swamp:4:  swamp_basic_johnstein, layout_basic_swamp, uniq_roxanne
Snake:1:  layout_chambers
Snake:2:  layout_chambers, serial_shops, shop,
          nicolae_snake_yet_another_twisty_hallway, grunt_megastairs_2
Snake:3:  layout_onion, minmay_shoptagon, serial_bayou_shore_a,
          serial_bayou_shore_b
Snake:4:  hellmonk_snake_rune_quicksilver_temple, layout_basic, basic_altar,
          uniq_kirke
Orc:1:    layout_diamond_mine, basic_altar
Orc:2:    st_orc_elflike, layout_caves

Skill      XL: |  1  2  3  4  5  6  7  8  9 10 11 12 13 14 15 16 17 |
---------------+----------------------------------------------------+-----
Fighting       | 4 5 6 7 8 10 12 13 14 16 18 19 | 19.9
Axes           | 4 5 6 7 8 9 11 14 15 16 18 19 | 19.3
Armour         | 3 5 6 7 9 10 11 13 14 15 | 15.3
Stealth        | 1 2 3 5 6 |  6.2
Dodging        | 3 4 5 6 7 8 9 |  9.6
Shields        | 1 6 9 10 12 14 16 | 16.5
Evocations     | 1 3 5 7 8 9 |  9.9

Action                   |  1- 3 |  4- 6 |  7- 9 | 10-12 | 13-15 | 16-18 || total
-------------------------+-------+-------+-------+-------+-------+-------++-------
Melee: Hand axe          |    69 |   146 |   253 |   749 |    20 |       ||  1237
       Headbutt          |     9 |    21 |    56 |   196 |   326 |   269 ||   877
       Punch             |       |     2 |     3 |     9 |       |       ||    14
       Broad axe         |       |       |       |       |  1169 |  1036 ||  2205
Invok: Berserk           |     2 |     2 |     2 |    11 |    16 |    11 ||    44
       Trog's Hand       |       |       |     1 |       |     1 |     2 ||     4
       Brothers in Arms  |       |       |       |     1 |       |       ||     1
Evoke: Wand              |       |       |       |     5 |     4 |    14 ||    23
  Use: Scroll            |       |       |     7 |    11 |    11 |    17 ||    46
       Potion            |       |       |       |     4 |     3 |     2 ||     9
 Stab: Sleeping          |     1 |       |       |       |       |     1 ||     2
       Distracted        |       |       |       |       |       |     2 ||     2
       Confused          |       |       |       |       |       |     3 ||     3
Armor: Animal skin       |     5 |       |       |       |       |       ||     5
       Ring mail         |    13 |    49 |       |       |       |       ||    62
       Chain mail        |       |    34 |   191 |   354 |   527 |    65 ||  1171
       Skin              |       |       |       |     1 |       |       ||     1
       Scale mail        |       |       |       |       |       |   277 ||   277
Dodge: Dodged            |    40 |    97 |   155 |   259 |   332 |   387 ||  1270
Block: Tower shield      |       |       |       |   346 |  1153 |  1150 ||  2649
